 Dungeon Crawl Stone Soup version 0.31-a0-1068-g5939ac1fb6 (webtiles) character file.

Game seed: 15887166486791460119

74202 MrCrawl the Arsonist (level 15, -1/99 HPs)
             Began as a Yellow Draconian Fire Elementalist on Nov 23, 2023.
             Was a High Priest of Vehumet.
             Slain by a +4 trident of freezing (3 damage)
             ... on level 1 of the Elven Halls.
             The game lasted 00:56:24 (28462 turns).

MrCrawl the Arsonist (DrFE)                        Turns: 28462, Time: 00:56:26

Health: -1/99      AC: 14    Str: 11    XL:     15   Next: 6%
Magic:  22/30      EV: 13    Int: 22    God:    Vehumet [*****.]
Gold:   1427       SH:  0    Dex: 12    Spells: 5/36 levels left

rFire   + . .        G - staff of conjuration
rCold   x . .        (no shield)
rNeg    . . .        (body armour unavailable)
rPois   .            R - +2 hat
rElec   .            (no cloak)
rCorr   +            E - +0 pair of gloves
SInv    .            H - +1 pair of boots
Will    +....        c - amulet of regeneration
Stlth   ++           j - ring of fire
HPRegen 1.16/turn    m - ring of flight
MPRegen 0.22/turn

%: no passive effects
@: flying, slowed, very slow
A: spit acid, AC +9, unfitting armour, acidic bite, cold-blooded, acid
resistance
a: Breathe Acid, Renounce Religion


You were on level 1 of the Elven Halls.
You worshipped Vehumet.
Vehumet was extremely pleased with you.
You visited 5 branches of the dungeon, and saw 22 of its levels.
You visited 1 bazaar.
You also visited: Sewer, Ossuary, Bailey and Volcano.

You collected 2871 gold pieces.
You spent 1444 gold pieces at shops.

Inventory:

Hand Weapons
 d - a +2 hand axe of freezing
Missiles
 t - 31 poisoned darts
 C - 3 throwing nets
 I - 6 curare-tipped darts
 V - 5 silver javelins
Armour
 E - a +0 pair of gloves (worn)
 H - a +1 pair of boots (worn)
 M - an orb of light
 R - a +2 hat (worn)
Magical Staves
 G - a staff of conjuration (weapon)
Jewellery
 c - an amulet of regeneration (around neck)
 i - a +5 ring of evasion
 j - a ring of fire (left hand)
 m - a ring of flight (right hand)
 y - a ring of protection from fire
 K - a +5 ring of evasion
 T - a ring of ice
 W - an amulet of guardian spirit
Wands
 n - a wand of flame (44)
 J - a wand of iceblast (8)
 Q - a wand of light (10)
 X - a wand of charming (10)
Scrolls
 e - 10 scrolls of fog
 g - 8 scrolls of fear
 k - 3 scrolls of enchant armour
 l - a scroll of noise
 o - 2 scrolls of amnesia
 p - a scroll of enchant weapon
 q - 3 scrolls of revelation
 w - a scroll of brand weapon
 B - 3 scrolls of butterflies
 F - a scroll of torment
 N - a scroll of silence
 U - a scroll of poison {unknown}
Potions
 a - 7 potions of magic
 b - 5 potions of might
 f - 3 potions of cancellation
 h - 8 potions of curing
 r - 2 potions of degeneration
 s - 2 potions of brilliance
 u - 3 potions of heal wounds
 z - 4 potions of mutation
 A - a potion of haste
 D - a potion of berserk rage {unknown}
 L - a potion of lignification {unknown}
Miscellaneous
 O - a phial of floods
 P - a lightning rod (4/4)
 S - a box of beasts


   Skills:
 - Level 4.0 Dodging
 - Level 2.0 Stealth
 + Level 11.3 Spellcasting
 + Level 12.1 Conjurations
 + Level 8.8 Hexes
 + Level 12.7 Fire Magic
 - Level 10.5 Poison Magic
 + Level 10.0 Evocations


You had 5 spell levels left.
You knew the following spells:

 Your Spells              Type           Power      Damage    Failure   Level
a - Foxfire               Conj/Fire      100%       2x1d9     1%          1
b - Scorch                Fire           100%       2d9       1%          2
c - Inner Flame           Hex/Fire       74%        N/A       1%          3
d - Flame Wave            Conj/Fire      100%       2d21      1%          4
e - Olgreb's Toxic Radia  Pois           55%        N/A       1%          4
f - Ignite Poison         Fire/Tmut/Pois 62%        N/A       1%          3
g - Brom's Barrelling Bo  Conj/Erth      56%        2d7       1%          4
h - Freezing Cloud        Conj/Ice/Air   22%        6-21      8%          5
i - Yara's Violent Unrav  Hex/Tmut       15%        3d8       7%          5

Your spell library contained the following spells:

 Spells                   Type           Power      Damage    Failure   Level
 Ozocubu's Refrigeration  Ice            6%         4d8       100%        7
 Kiss of Death            Conj/Necr      100%       2d13      1%          1
 Sandblast                Erth           24%        2d8       1%          1
 Cigotuvi's Dreadful Rot  Necr/Pois/Air  54%        N/A       1%          2
 Confusing Touch          Hex            51%        N/A       1%          3
 Mephitic Cloud           Conj/Pois/Air  62%        N/A       1%          3
 Stone Arrow              Conj/Erth      100%       3d13      1%          3
 Volatile Blastmotes      Fire/Tloc      100%       2d18      1%          3
 Cause Fear               Hex            25%        N/A       1%          4
 Necrotise                Necr           48%        1d6       5%          1
 Lesser Beckoning         Tloc           24%        N/A       9%          2
 Passwall                 Tmut/Erth      10%        N/A       9%          2
 Anguish                  Hex/Necr       15%        N/A       9%          4
 Gell's Gravitas          Tloc           12%        N/A       16%         3
 Teleport Other           Tloc           12%        N/A       16%         3
 Vampiric Draining        Necr           12%        2d6       16%         3
 Alistair's Intoxication  Tmut/Pois      23%        N/A       17%         5
 Silence                  Hex/Air        15%        N/A       24%         5
 Dispel Undead            Necr           12%        3d9       47%         4
 Passage of Golubria      Tloc           12%        N/A       47%         4
 Agony                    Necr           12%        N/A       83%         5
 Borgnjor's Vile Clutch   Necr/Erth      6%         N/A       83%         5
 Eringya's Noxious Bog    Tmut/Pois      17%        4d6       24%         6
 Ignition                 Fire           40%        3d12      41%         8
 Enfeeble                 Hex            25%        N/A       75%         7
 Lehudib's Crystal Spear  Conj/Erth      28%        10d7      99%         8
 Death Channel            Necr           6%         N/A       100%        6
 Summon Cactus Giant      Summ           6%         N/A       100%        6
 Discord                  Hex            25%        N/A       100%        8


Dungeon Overview and Level Annotations

Branches:
Dungeon (11/15)            Temple (1/1) D:5            Lair (5/5) D:9
 Shoals (0/4) Lair:3        Snake (0/4) Lair:3        Slime (0/5) Lair:4
    Orc (2/2) D:10            Elf (3/3) Orc:2         Sewer (visited)
Ossuary (visited)          Bailey (visited)         Volcano (visited)

Altars:
Ashenzari
Cheibriados
Dithmenos
Elyvilon
Fedhas
Gozag
Hepliaklqana
Kikubaaqudgha
Makhleb
Nemelex Xobeh
Okawaru
Qazlal
Ru
Sif Muna
Trog
Uskayaw
Vehumet
Wu Jian
Xom
Yredelemnul
Zin
The Shining One
Jiyva

Shops:
D:8 [   Orc:2 :*?[(

Annotations:
Temple 2 transporters
Lair:3 3 runed translucent doors, KimchiStew's ghost, journeyman BaRe
Orc:1 1 runed translucent door, Flippered's ghost, journeyman MfIE


Innate Abilities, Weirdness & Mutations

You can spit globs of acid.
Your golden yellow scales are hard. (AC +9)
You cannot fit into any form of body armour.
You have acidic saliva.
You are cold-blooded and may be slowed by cold attacks.
You are resistant to acid. (rCorr)


Message History

The fire elemental burns you! You resist.
* * * LOW HITPOINT WARNING * * *
The fire elemental hits you. The fire elemental burns you! You resist.
* * * LOW HITPOINT WARNING * * *
Unknown command.
You feel much better.
You kill the deep elf zephyrmancer!
Vehumet accepts your kill.
You feel your power returning.
The fire elemental closely misses you. x3
The fire elemental hits you. The fire elemental burns you! You resist.
* * * LOW HITPOINT WARNING * * *
Blink to where?
Press: ? - help, Dir - move target A deep elf archer, an air elemental, 2 dancing weapons and a deep elf pyromancer come into view.
There is a +1 heavy flail.
There is a +4 trident of freezing.
As you read the scroll of blinking, it crumbles to dust.
The deep elf archer shouts!
The deep elf archer is poisoned.
The deep elf pyromancer is poisoned.
Your toxic aura wanes.
You hear a shout!
A deep elf zephyrmancer comes into view.
It is wielding a +0 dagger.
Blink to where?
Press: ? - help, Dir - move target
As you read the scroll of blinking, it crumbles to dust.
Vehumet accepts your kill.
You feel your power returning.
You feel a bit more experienced.
Okay, then.
Okay, then.
Blink to where?
Press: ? - help, Dir - move target
As you read the scroll of blinking, it crumbles to dust.
An air elemental comes into view.
The +4 trident of freezing attacks as it pursues you!
The +4 trident of freezing hits you from afar!
* * * LOW HITPOINT WARNING * * *
You feel as though you will be slow longer.
The +4 trident of freezing freezes you!
* * * LOW HITPOINT WARNING * * *
The +4 trident of freezing hits you from afar.
You die...

##........##.....#
..^..
#.....8..##....## ##.
.#...
##......###...#####...
.#
##########....).#.###.
## #.#...#.....#...# .
#.##........#.>. .#
#.#####...E.#...#.#
#..........#.###.#
######.@#####...#
##.######..#
#####((.(.....#
#.).#~~~~~~§≈~#
#...#≈≈≈~≈≈≈~≈#
#.○○#8≈≈≈≈≈≈≈8#
#.E°#####e#####
#.[E#.........+
#..)#.......e.#


You could see a deep elf archer (repels missiles), an air elemental (wandering)
and 2 dancing weapons.

Vanquished Creatures
  A deep elf blademaster (Elf:2)
  A deep elf elementalist (Elf:1)
  A dire elephant (Lair:5)
  2 vault guards (Bailey)
  4 hydras
  Harold (D:9)
  2 catoblepae (Lair:5)
  A dancing weapon (Elf:2)
  2 two-headed ogres
  5 death yaks
  An orc high priest (Orc:2)
  Nergalle (D:10)
  A hell knight (Volcano)
  A skyshark (Lair:5)
  A deep elf knight (Elf:2)
  A fire crab (Lair:3)
  2 salamander mystics (Volcano)
  Lodul (D:10)
  An orc knight (Orc:1)
  2 lindwurms (Lair:5)
  3 deep elf archers
  Pikel (D:4)
  10 deep elf pyromancers
  7 deep elf zephyrmancers (Elf:1)
  2 salamanders (Volcano)
  2 cyclopes (Volcano)
  3 manticores
  9 elephants
  5 black mambas
  4 molten gargoyles (Volcano)
  7 rime drakes
  2 gargoyles (Volcano)
  13 cane toads
  3 kobold demonologists (D:7)
  10 komodo dragons
  Psyche (D:10)
  Maggie (D:8)
  4 polar bears
  4 trolls
  Prince Ribbit (Bailey)
  7 dream sheep
  10 blink frogs
  Sigmund (D:6)
  A wraith (D:9)
  7 wyverns
  3 vampires (D:7)
  2 fire elementals (Elf:1)
  7 basilisks
  3 steam dragons
  5 humans (Bailey)
  37 yaks
  Menkaure (D:5)
  2 wargs
  2 acid dragons
  3 nagas (Lair:3)
  19 water moccasins
  31 orc warriors
  A sky beast (D:7)
  A black bear (Lair:3)
  A swamp drake (D:9)
  11 centaurs
  10 ogres
  14 wolves
  A lemure (D:4)
  5 kobold brigands
  21 bullfrogs
  2 gnoll sergeants
  11 wights
  13 killer bees
  6 howler monkeys
  6 centaur zombies (Ossuary)
  10 orc priests
  3 iguanas (D:5)
  12 orc wizards
  5 mummies (Ossuary)
  11 adders
  11 gnolls
  2 river rats (Sewer)
  A shadow imp (D:6)
  2 white imps
  4 worms
  3 dart slugs
  50 orcs
  8 ball pythons
  4 bats (D:1)
  6 endoplasms
  5 giant cockroaches
  12 goblins
  6 hobgoblins
  10 jackals
  16 kobolds
  5 quokkas
  2 training dummies (D:5)
  2 frilled lizards
  11 rats
569 creatures vanquished.

Vanquished Creatures (collateral kills)
  A salamander (Volcano)
  5 boulders
  5 foxfires
11 creatures vanquished.

Vanquished Creatures (others)
  An arcanist (D:10)
  2 orcs (D:10)
  4 boulders (Volcano)
  1031 foxfires
1038 creatures vanquished.

Grand Total: 1618 creatures vanquished

Notes
Turn   | Place    | Note
-------+----------+-------------------------------------------
     0 | D:1      | MrCrawl the Draconian Fire Elementalist began the quest for
                  | the Orb.
     0 | D:1      | Reached XP level 1. HP: 14/14 MP: 3/3
   183 | D:1      | Reached XP level 2. HP: 20/20 MP: 5/5
   559 | D:1      | Learned a level 2 spell: Scorch
   666 | D:2      | Reached XP level 3. HP: 26/26 MP: 1/6
  1201 | D:3      | Found a glowing golden altar of the Shining One.
  1256 | D:3      | Reached XP level 4. HP: 33/33 MP: 2/7
  1419 | D:3      | Found a glowing drain.
  1448 | Sewer    | Entered a sewer
  1452 | Sewer    | Noticed a kobold brigand
  1470 | Sewer    | Killed a kobold brigand
  1471 | Sewer    | Reached XP level 5. HP: 31/38 MP: 0/9
  1703 | Sewer    | Reached XP level 6. HP: 40/45 MP: 1/11
  2229 | Sewer    | Learned a level 3 spell: Inner Flame
  2234 | Sewer    | Learned a level 4 spell: Flame Wave
  3214 | D:4      | Noticed Pikel
  3221 | D:4      | Found a sand-covered staircase.
  3232 | Ossuary  | Entered an ossuary
  3245 | Ossuary  | Your scales start taking on a golden yellow colour.
  3245 | Ossuary  | Reached XP level 7. HP: 33/50 MP: 2/12
  3245 | Ossuary  | Gained mutation: You are resistant to acid. (rCorr) [Yellow
                  | Draconian growth]
  3537 | Ossuary  | Reached skill level 5 in Fire Magic
  3659 | Ossuary  | Identified a scroll of acquirement
  3660 | Ossuary  | Acquired the Unrestrained Analects
  3667 | Ossuary  | Learned a level 4 spell: Olgreb's Toxic Radiance
  3691 | D:4      | Killed Pikel
  3692 | D:4      | Reached XP level 8. HP: 18/57 MP: 1/15
  4113 | D:4      | Acquired 892 gold pieces
  4643 | D:5      | Entered Level 5 of the Dungeon
  5069 | D:5      | Found a staircase to the Ecumenical Temple.
  5108 | Temple   | Found a transporter.
  5108 | Temple   | Found a transporter.
  5108 | Temple   | Found a transporter.
  5108 | Temple   | Found a transporter.
  5108 | Temple   | Entered the Ecumenical Temple
  5128 | Temple   | Became a worshipper of Vehumet
  5167 | D:5      | Reached skill level 5 in Spellcasting
  5167 | D:5      | Reached skill level 5 in Conjurations
  5557 | D:5      | Found an ancient bone altar of Kikubaaqudgha.
  5729 | D:5      | Noticed Menkaure
  5737 | D:5      | Killed Menkaure
  5944 | D:6      | Learned a level 3 spell: Ignite Poison
  6685 | D:6      | Noticed Sigmund
  6690 | D:6      | Killed Sigmund
  6948 | D:7      | Reached XP level 9. HP: 62/62 MP: 6/17
  7151 | D:7      | Reached * piety under Vehumet
  7151 | D:7      | Offered knowledge of Shock by Vehumet.
  7304 | D:7      | Found a shimmering altar of Xom.
  7552 | D:7      | Noticed a deep elf pyromancer
  7555 | D:7      | Noticed a kobold demonologist
  7561 | D:7      | Noticed an orange demon
  7588 | D:7      | Noticed an orange demon
  7912 | D:7      | Noticed a kobold demonologist
  7918 | D:7      | Noticed a soul eater
  7921 | D:7      | Killed a kobold demonologist
  7922 | D:7      | Reached skill level 5 in Poison Magic
  7922 | D:7      | Reached skill level 1 in Evocations
  8112 | D:7      | Killed a deep elf pyromancer
  8201 | D:7      | Found a shimmering blue altar of Sif Muna.
  8414 | D:7      | Killed a kobold demonologist
  8501 | D:7      | Noticed a kobold demonologist
  8504 | D:7      | Noticed a deep elf pyromancer
  8508 | D:7      | Killed a kobold demonologist
  8509 | D:7      | Reached XP level 10. HP: 69/69 MP: 16/20
  8509 | D:7      | Killed a deep elf pyromancer
  8711 | D:8      | Noticed Maggie
  8717 | D:8      | Killed Maggie
  9217 | D:8      | Found a burning altar of Makhleb.
  9280 | D:8      | Reached skill level 1 in Hexes
  9708 | D:8      | Found Zetalimi's Armour Boutique.
 10477 | D:9      | Noticed Harold
 10489 | D:9      | Killed Harold
 10754 | D:9      | Reached ** piety under Vehumet
 10754 | D:9      | Offered knowledge of Freeze by Vehumet.
 10964 | D:9      | Found a staircase to the Lair.
 11126 | D:9      | Reached XP level 11. HP: 74/74 MP: 4/22
 11230 | D:9      | Noticed a two-headed ogre
 11238 | D:9      | Killed a two-headed ogre
 11819 | D:9      | Identified the +2 mace "Buwnuac" {flame, rC+ rCorr Stlth+}
 11864 | D:10     | Entered Level 10 of the Dungeon
 11866 | D:10     | Noticed Nergalle
 11871 | D:10     | You are sucked into a shaft and drop 1 floor!
 11955 | D:11     | Noticed a two-headed ogre
 11955 | D:11     | Noticed a skeletal warrior
 11955 | D:11     | Noticed a skeletal warrior
 11956 | D:11     | Noticed a skeletal warrior
 11957 | D:11     | Noticed a skeletal warrior
 11963 | D:11     | Noticed a boulder beetle
 12009 | D:10     | Found a flagged portal.
 12016 | Bailey   | Entered a bailey
 12056 | Bailey   | Reached skill level 5 in Evocations
 12210 | Bailey   | Offered knowledge of Searing Ray by Vehumet.
 12271 | Bailey   | Noticed a vault guard
 12289 | Bailey   | Killed a vault guard
 12352 | Bailey   | Noticed a vault guard
 12352 | Bailey   | Noticed Prince Ribbit
 12357 | Bailey   | Killed Prince Ribbit
 12371 | Bailey   | Killed a vault guard
 12480 | D:10     | Noticed Psyche
 12486 | D:10     | Killed Psyche
 12622 | D:10     | Reached *** piety under Vehumet
 12707 | D:10     | Noticed a two-headed ogre
 12713 | D:10     | Killed a two-headed ogre
 12729 | D:10     | Killed Nergalle
 12878 | D:10     | Noticed Lodul
 13421 | Lair:1   | Entered Level 1 of the Lair of Beasts
 13592 | Lair:1   | Reached XP level 12. HP: 81/81 MP: 12/24
 13594 | Lair:1   | Offered knowledge of Mephitic Cloud by Vehumet.
 13872 | Lair:1   | Reached skill level 5 in Hexes
 14617 | Lair:1   | Learned a level 3 spell: Mephitic Cloud
 14638 | Lair:2   | Found a dark tunnel.
 14648 | Volcano  | Entered a volcano
 14655 | Volcano  | Learned a level 5 spell: Freezing Cloud
 14664 | Volcano  | Learned a level 4 spell: Brom's Barrelling Boulder
 14720 | Volcano  | Reached skill level 10 in Fire Magic
 15438 | Volcano  | Reached **** piety under Vehumet
 15776 | Volcano  | Noticed an orb of fire
 15811 | Volcano  | Noticed an orb of fire
 15882 | Lair:2   | Noticed a seven-headed hydra
 15889 | Lair:2   | Killed a seven-headed hydra
 15890 | Lair:2   | Reached skill level 10 in Conjurations
 15967 | Lair:2   | Identified the maw talisman of Bitterness {*Slow rElec
                  | rPois Slay+2}
 16162 | Lair:2   | Offered knowledge of Sticky Flame by Vehumet.
 16431 | Lair:2   | Reached XP level 13. HP: 84/86 MP: 16/26
 17278 | Lair:3   | Found a staircase to the Shoals.
 17735 | Lair:3   | Reached ***** piety under Vehumet
 17870 | Lair:3   | Offered knowledge of Ozocubu's Refrigeration by Vehumet.
 18067 | Lair:3   | Found a staircase to the Snake Pit.
 18358 | Lair:3   | Found a runed translucent gate.
 18358 | Lair:3   | Found a runed translucent gate.
 18358 | Lair:3   | Found a runed translucent gate.
 18361 | Lair:3   | Noticed KimchiStew's ghost (journeyman BaRe)
 18606 | Lair:3   | Reached skill level 10 in Spellcasting
 18843 | Lair:3   | Found a viscous altar of Jiyva.
 19640 | Lair:4   | Found a staircase to the Slime Pits.
 19887 | Lair:5   | Entered Level 5 of the Lair of Beasts
 20326 | Lair:5   | Reached skill level 10 in Poison Magic
 20873 | Lair:5   | Gained mutation: You have acidic saliva. [Yellow Draconian
                  | growth]
 20873 | Lair:5   | Reached XP level 14. HP: 81/93 MP: 22/28
 23546 | D:10     | Killed Lodul
 23906 | D:10     | Found a bloodstained altar of Trog.
 24056 | D:10     | Found a staircase to the Orcish Mines.
 24331 | Orc:1    | Entered Level 1 of the Orcish Mines
 24878 | Orc:2    | Entered Level 2 of the Orcish Mines
 25284 | Orc:2    | Found a flickering gateway to a bazaar.
 25297 | Bazaar   | Entered a bazaar
 25345 | Bazaar   | Found Xiab's Assorted Antiques.
 25433 | Bazaar   | Found Jorri's Book Shoppe.
 25495 | Bazaar   | Found Tubamp's Assorted Antiques.
 25525 | Bazaar   | Found Vavyol's Jewellery Shoppe.
 25804 | Bazaar   | Bought a scroll of identify for 42 gold pieces
 25804 | Bazaar   | Bought a glass wand for 84 gold pieces
 25804 | Bazaar   | Bought a wand of charming (6) for 302 gold pieces
 25978 | Bazaar   | Bought a scroll of blinking for 210 gold pieces
 25978 | Bazaar   | Bought an encrusted jade ring for 140 gold pieces
 26023 | Bazaar   | Bought a book of Misfortune for 324 gold pieces
 26023 | Bazaar   | Bought Great Wizards, Vol. II for 342 gold pieces
 26029 | Bazaar   | Learned a level 5 spell: Yara's Violent Unravelling
 26741 | Orc:2    | Found Ulonk's Weapon Shoppe.
 26816 | Orc:2    | Found Tewn's Magic Scroll Shop.
 26816 | Orc:2    | Found Yvuec's General Store.
 26818 | Orc:2    | Found Pats's Book Shoppe.
 26820 | Orc:2    | Found Otisiw's Antique Armour Boutique.
 27075 | Orc:2    | Found a staircase to the Elven Halls.
 27540 | Orc:1    | Found a runed translucent door.
 27540 | Orc:1    | Noticed Flippered's ghost (journeyman MfIE)
 27638 | Elf:1    | Entered Level 1 of the Elven Halls
 27716 | Elf:1    | Noticed a deep elf elementalist
 27725 | Elf:1    | Killed a deep elf elementalist
 27803 | Elf:1    | You fall into a shaft and drop 1 floor!
 27803 | Elf:2    | Noticed a deep elf blademaster
 27808 | Elf:2    | Killed a deep elf blademaster
 27844 | Elf:2    | Found a runed translucent gate.
 27844 | Elf:2    | Found a runed translucent gate.
 27844 | Elf:2    | Found a runed translucent gate.
 28069 | Elf:3    | Entered Level 3 of the Elven Halls
 28111 | Elf:1    | Reached skill level 10 in Evocations
 28149 | Elf:1    | Reached XP level 15. HP: 96/99 MP: 8/30
 28456 | Elf:1    | HP: 4/99 [fire elemental (7)]
 28462 | Elf:1    | HP: 2/99 [+4 trident of freezing (10)]
 28462 | Elf:1    | Slain by a +4 trident of freezing

Illustrated notes

Levels and vault maps discovered:
D:1:      orjb1_clovarrival, layout_basic
D:2:      layout_basic, shapermc_ecumenical_altar_rom_forum, minmay_tetromino_o2
D:3:      layout_basic, mainiacjoe_overflow_brackets, gup_sewer_entry_glass,
          chequers_mini_garden, chequers_hall_statues_wall_a,
          minmay_misc_feat_rugged
D:4:      layout_loops_ring, nicolae_ossuary_entry_plus, uniq_pikel
D:5:      dreamdust_elfheim, layout_gridville,
          mainiacjoe_overflow_small_starburst, minmay_temple_entry_mist,
          uniq_menkaure
D:6:      nicolae_cairo_tiling, layout_loops_ring, uniq_sigmund
D:7:      layout_rooms, xom_teletrap_fun, serial_library,
          serial_library_hellmonk_narrow_alcove,
          serial_library_hellmonk_semicircle, serial_library_hellmonk_octagon,
          serial_library_hellmonk_long_bookcase,
          serial_library_hellmonk_reading_circle,
          serial_library_regret_index_multi, serial_library_hellmonk_room_a,
          serial_library_hellmonk_metal_room,
          serial_library_hellmonk_big_corner,
          serial_library_regret_index_small_wings,
          serial_library_hellmonk_recessed_alcove, minmay_misc_feat_diagonals
D:8:      layout_basic, nicolae_overflow_crystal_walls, serial_shops, shop,
          uniq_maggie
D:9:      layout_roguey, erik_lair_dragon, uniq_harold
D:10:     layout_loops_cross, trog_wizard, enter_bailey_2, chequers_garden,
          uniq_nergalle, uniq_lodul, uniq_psyche
D:11:     layout_loops_cross
Temple:   hellmonk_temple_divided_pantheon
Lair:1:   layout_loops_ring, grunt_megastairs_1, infiniplex_staircase_pool
Lair:2:   wander_river, layout_loops_ring, nicolae_volcano_entry_hallway,
          serial_bayou_shore_a
Lair:3:   nzn_winding_woodlands_cross [nzn_winding_woodlands_5x15_cabin,
          nzn_winding_woodlands_5x15_pool, nzn_winding_woodlands_5x15_parted,
          nzn_winding_woodlands_5x15_concentric,
          nzn_winding_woodlands_15x15_boxy_spiral], layout_regular_city,
          elwin_shoals_entry_rocks, nicolae_snake_entry_squirm,
          gammafunk_ghost_ooze, cheibrodos_lair_reptile_den, uniq_prince_ribbit2
Lair:4:   layout_layer_cave, slime_entry_1
Lair:5:   hangedman_lair_in_review, layout_cave_shapes
Orc:1:    layout_caves, ebering_ghost_inner_flame
Orc:2:    st_orc_rangers, layout_caves, serial_shops, bzr_entry_lakeside,
          nicolae_shop_bloodbath_and_beyond
Elf:1:    elf_arrival_002, layout_loops_cross, evilmike_minifort,
          hellmonk_sif_muna_bookshelves, uniq_roxanne
Elf:2:    elven_hall_of_blades_hangedman_original [mumra_blade_entry_dagger],
          layout_loops_cross
Elf:3:    minmay_elf_hall_dome, layout_geoelf_octagon

Skill      XL: |  1  2  3  4  5  6  7  8  9 10 11 12 13 14 |
---------------+-------------------------------------------+-----
Stealth        | 2 |  2.0
Dodging        | 2 3 4 |  4.0
Conjurations   | 2 3 4 5 7 8 9 10 11 12 | 12.1
Spellcasting   | 3 4 5 6 7 8 9 10 11 | 11.3
Fire Magic     | 4 5 6 7 8 9 10 11 12 | 12.7
Poison Magic   | 2 4 5 6 7 9 10 | 10.5
Evocations     | 2 4 6 7 8 10 | 10.0
Hexes          | 2 4 6 7 8 |  8.8

Action                     |  1- 3 |  4- 6 |  7- 9 | 10-12 | 13-15 || total
---------------------------+-------+-------+-------+-------+-------++-------
  Melee: Hand axe          |    48 |    55 |    23 |       |       ||   126
         Tailslap          |     7 |     6 |     3 |     2 |     3 ||    21
         Punch             |     1 |     1 |       |       |       ||     2
         Staff             |       |       |       |     9 |    11 ||    20
  Throw: Dart              |       |       |     2 |     1 |       ||     3
         Throwing net      |       |       |       |     3 |       ||     3
   Cast: Foxfire           |    44 |    97 |   193 |   155 |   130 ||   619
         Scorch            |       |     5 |     9 |    61 |    78 ||   153
         Inner Flame       |       |     1 |    12 |    64 |    85 ||   162
         Flame Wave        |       |       |     3 |    30 |    28 ||    61
         Olgreb's Toxic Ra |       |       |     9 |    15 |   128 ||   152
         Ignite Poison     |       |       |     8 |     8 |   108 ||   124
         Freezing Cloud    |       |       |       |    15 |     7 ||    22
         Brom's Barrelling |       |       |       |    14 |     3 ||    17
         Yara's Violent Un |       |       |       |       |     1 ||     1
Ability: Breathe Acid      |       |       |     5 |     8 |     1 ||    14
  Evoke: Wand              |       |       |     5 |     5 |       ||    10
         Box of beasts     |       |       |       |       |     1 ||     1
    Use: Potion            |       |     1 |     2 |     1 |     9 ||    13
         Scroll            |       |       |    10 |    10 |    16 ||    36
   Stab: Sleeping          |     2 |     2 |       |       |       ||     4
 Armour: Skin              |    24 |    41 |    59 |    92 |   226 ||   442
  Dodge: Dodged            |    44 |    66 |    56 |    59 |   106 ||   331

Table legend: (Time is in decaauts)
 A = Elapsed time spent in this place.
 B = Non-inter-level travel time spent in this place.
 C = Inter-level travel time spent in this place.
 D = Time resting spent in this place.
 E = Time spent auto-exploring this place.
 F = Levels seen in this place.
 G = Mean time per level.
                   A        B        C        D        E       F      G
               +--------+--------+--------+--------+--------+-----+--------+
         Total |  28692 |  26839 |   1853 |   3403 |  18974 |  27 | 1062.7 |
       Dungeon |  12943 |  11639 |   1304 |    797 |   9132 |  11 | 1176.6 |
        Temple |     40 |      3 |     37 |      0 |      0 |   1 |   40.0 |
          Lair |   8796 |   8500 |    296 |    645 |   6748 |   5 | 1759.2 |
  Orcish Mines |   2325 |   2129 |    196 |    544 |   1212 |   2 | 1162.5 |
   Elven Halls |    825 |    808 |     17 |    446 |     31 |   3 |  275.0 |
        Bazaar |    752 |    752 |      0 |      0 |    526 |   1 |  752.0 |
         Sewer |    885 |    885 |      0 |      0 |    685 |   1 |  885.0 |
       Ossuary |    443 |    443 |      0 |    179 |    186 |   1 |  443.0 |
        Bailey |    445 |    445 |      0 |     40 |    249 |   1 |  445.0 |
       Volcano |   1233 |   1233 |      0 |    752 |    203 |   1 | 1233.0 |
               +--------+--------+--------+--------+--------+-----+--------+

Top non-repeatable levels by time:
  Lair:5: 3179 daAuts
     D:9: 1906 daAuts
     D:7: 1882 daAuts
  Lair:3: 1658 daAuts
    D:10: 1543 daAuts
  Lair:1: 1373 daAuts
     D:8: 1369 daAuts
     D:3: 1339 daAuts
   Orc:2: 1305 daAuts
  Lair:2: 1302 daAuts
  Lair:4: 1283 daAuts
 Volcano: 1233 daAuts
     D:5: 1231 daAuts
     D:6: 1217 daAuts
     D:4: 1122 daAuts
